 Dungeon Crawl Stone Soup version 0.18-a0-987-g0b0e4e7 (webtiles) character file.

641 M4edhros the Sneak (level 7, 0/43 HPs)
             Began as an Octopode Artificer on Jan 3, 2016.
             Slain by an ice beast (5 damage)
             ... on level 5 of the Dungeon.
             The game lasted 00:04:46 (3180 turns).

M4edhros the Sneak (Octopode Artificer)             Turns: 3180, Time: 00:04:46

Health: 0/43       AC:  1    Str: 16    XL:     7   Next: 51%
Magic:  10/10      EV: 14    Int: 16    God:
Gold:   96         SH:  0    Dex: 12    Spells: 0 memorised, 6 levels left

rFire  . . .     SeeInvis .     v - +1 short sword (venom)
rCold  . . .     Gourm    .     (no shield)
rNeg   . . .     Faith    .     (helmet restricted)
rPois  .         Spirit   .     (no amulet)
rElec  .         Dismiss  .     (no ring)
rCorr  .         Reflect  .     (no ring)
SustAt .         Harm     .     (no ring)
MR     .....                    (no ring)
Stlth  +++++.....               (no ring)
                                (no ring)
                                (no ring)
                                (no ring)

@: mighty, not resistant to hostile enchantments, quite stealthy
A: almost no armour, amphibious, 8 rings, constrict 8, camouflage 1, gelatinous
body 1
a: no special abilities


You were on level 5 of the Dungeon.
You were hungry.

You visited 1 branch of the dungeon, and saw 6 of its levels.

You collected 96 gold pieces.

Inventory:

Hand Weapons
 a - a +0 short sword
 o - a +1 dagger of distortion
 v - a +1 short sword of venom (weapon)
Missiles
 l - 136 stones (quivered)
 w - 19 sling bullets
Wands
 b - a wand of flame (0/48)
 c - a wand of enslavement (9/24)
 d - a wand of random effects (0/48)
Scrolls
 m - a scroll of blinking {unknown}
 n - 2 scrolls of enchant armour {unknown}
 q - 3 scrolls of identify {unknown}
 s - 3 scrolls of remove curse {unknown}
 t - 2 scrolls of enchant weapon {unknown}
Potions
 g - 2 potions of curing {unknown}
 h - a potion of agility {unknown}
 i - 3 potions of heal wounds {unknown}
 j - a potion of cancellation {unknown}
 p - a potion of magic {unknown}
 r - 2 potions of brilliance {unknown}
Comestibles
 f - 3 bread rations
 k - a slice of pizza
 u - a beef jerky


   Skills:
 - Level 1.0 Fighting
 - Level 1.0 Short Blades
 * Level 5.5 Dodging
 * Level 6.8 Stealth
 + Level 5.0 Evocations


You had 6 spell levels left.
You didn't know any spells.

Dungeon Overview and Level Annotations

Branches:
Dungeon (6/15)
 Temple: D:4-7

Altars:
Ashenzari
Ru
Sif Muna

Annotations:
D:5 4thArraOfDagon's ghost, amateur DsEE


Innate Abilities, Weirdness & Mutations

You cannot wear most types of armour.
You are amphibious.
You can wear up to eight rings at the same time.
You can use your tentacles to constrict eight enemies at once.
Your skin changes colour to match your surroundings (Stealth).
Your rubbery body absorbs attacks (AC +1).


Message History

Evoke which item? (* to show all) (? for menu, Esc to quit)
Okay, then.
You hit the ice beast but do no damage. Your squeeze misses the ice beast.
The ice beast is severely wounded.
The ice beast misses you.
You barely miss the ice beast.
The ice beast is severely wounded.
The ice beast hits you. The ice beast freezes you!
You closely miss the ice beast. Your squeeze misses the ice beast.
The ice beast is severely wounded.
The ice beast hits you. The ice beast freezes you!
Drink which item? (? for menu, Esc to quit)
It was a potion of might.
You feel very mighty all of a sudden. The ice beast hits you.
The ice beast freezes you!
* * * LOW HITPOINT WARNING * * *
You barely miss the ice beast.
The ice beast is severely wounded.
The ice beast hits you.
You die...

.................#
.....#############
###..#####
.........#
####.###.# # #.#
#.# # #.# #.# #
#.#
#.###############
# #<#
#.#......@Y.....#
####.#
#.#.###########.#
.....# #....######
###### #.........#
# ##...####.# #
##.## # #.# # #..
####


You could see an ice beast.

Vanquished Creatures
  2 ogres
  A centaur (D:6)
  A giant frog (D:6)
  A jelly (D:6)
  A hound (D:4)
  A killer bee zombie (D:5)
  A hound skeleton (D:4)
  A gnoll (D:1)
  3 adders
  An ooze (D:1)
  An adder zombie (D:5)
  2 adder skeletons (D:4)
  A worm (D:4)
  A giant gecko (D:6)
  8 orcs
  2 ball pythons
  A giant cockroach (D:1)
  3 goblins (D:1)
  3 hobgoblins
  5 jackals (D:4)
  2 bats (D:1)
  2 giant newts
  2 kobolds (D:3)
  2 rats (D:1)
48 creatures vanquished.

Vanquished Creatures (collateral kills)
  A phantom (D:6)
  A crimson imp (D:5)
  An orc priest (D:4)
  2 orcs (D:4)
  2 giant newts (D:4)
7 creatures vanquished.

Vanquished Creatures (others)
  2 orcs (D:4)
2 creatures vanquished.

Grand Total: 57 creatures vanquished

Notes
Turn   | Place    | Note
--------------------------------------------------------------
     0 | D:1      | M4edhros the Octopode Artificer began the quest for the Orb.
     0 | D:1      | Reached XP level 1. HP: 13/13 MP: 3/3
   114 | D:1      | Reached XP level 2. HP: 6/18 MP: 4/4
   436 | D:1      | Reached XP level 3. HP: 20/23 MP: 5/5
   804 | D:4      | Found a shattered altar of Ashenzari.
   805 | D:4      | Found a deep blue altar of Sif Muna.
   874 | D:4      | Reached XP level 4. HP: 9/28 MP: 6/6
  1476 | D:4      | HP: 1/28 [orc priest/nerve-wracking pain (8)]
  1476 | D:4      | Reached skill level 4 in Stealth
  1476 | D:4      | Reached XP level 5. HP: 1/33 MP: 6/8
  1623 | D:4      | Found a sacrificial altar of Ru.
  1764 | D:5      | Entered Level 5 of the Dungeon
  1853 | D:5      | Noticed an ogre
  1901 | D:5      | Killed an ogre
  1901 | D:5      | Reached skill level 5 in Stealth
  1901 | D:5      | Reached XP level 6. HP: 14/38 MP: 9/9
  2147 | D:5      | Noticed an ice beast
  2147 | D:5      | Noticed 4thArraOfDagon's ghost (amateur DsEE)
  2439 | D:6      | HP: 1/38 [centaur/arrow (12)]
  2754 | D:6      | Noticed a phantom
  2811 | D:6      | Killed a phantom
  2811 | D:6      | Reached skill level 5 in Dodging
  2811 | D:6      | Reached XP level 7. HP: 26/43 MP: 10/10
  2859 | D:6      | Reached skill level 6 in Stealth
  2905 | D:6      | Killed an ogre
  2905 | D:6      | Reached skill level 5 in Evocations
  3180 | D:5      | Slain by an ice beast

Vault maps used:
D:1:      saegor_arrival_simple_b, grunt_decor_one_mirror
D:3:      gammafunk_temple_overflow_forgotten, ecumenical_altar_2,
          minmay_misc_feat_ornament, nrook_mini_vaults
D:4:      lemuel_doored_altar, grunt_temple_overflow_open, first_bread,
          minivault_25, grunt_ministairs_7
D:5:      minmay_divided_ellipse
D:6:      uniq_prince_ribbit1

Action                   |  1- 3 |  4- 6 |  7- 9 || total
-------------------------+-------+-------+-------++-------
Melee: Short sword       |    56 |    61 |    13 ||   130
Evoke: Wand              |     1 |    27 |     8 ||    36
  Use: Potion            |       |       |     1 ||     1
 Stab: Confused          |     1 |       |       ||     1
       Sleeping          |     9 |     4 |     1 ||    14
  Eat: Bread ration      |       |     1 |       ||     1
       Chunk             |       |     1 |     1 ||     2
